 Dungeon Crawl Stone Soup version 0.30-a0-634-g8abc85282e (webtiles) character file.

Game seed: 7120249165901731312

293 Persephone the Cudgeller (level 6, -34/53 HPs)
             Began as an Armataur Fighter on Jan 14, 2023.
             Killed from afar by an acid dragon (37 damage)
             ... with a splash of acid
             ... on level 5 of the Dungeon.
             The game lasted 00:06:53 (3016 turns).

Persephone the Cudgeller (Armataur Fighter)         Turns: 3016, Time: 00:06:54

Health: -34/53     AC:  9    Str: 23    XL:     6   Next: 11%
Magic:  6/6        EV:  7    Int:  8    God:
Gold:   296        SH:  5    Dex: 16    Spells: 5/5 levels left

rFire   . . .      SeeInvis .    a - +0 flail
rCold   . . .      Faith    .    c - +0 buckler
rNeg    . . .      Spirit   .    b - +0 scale mail
rPois   .          Reflect  .    (no helmet)
rElec   .          Harm     .    v - +0 cloak
rCorr   .          Roll     +    g - +0 pair of gloves {Stlth+}
Will    .....                    (no barding)
Stlth   +                        (no amulet)
HPRegen 0.28/turn                l - +6 ring of dexterity
MPRegen 0.10/turn                (no ring)

@: no status effects
A: large, rugged brown scales 3, deformed body, armoured tail, roll, long
tongue, awkward tongue
a: no special abilities


You were on level 5 of the Dungeon.
You visited 1 branch of the dungeon, and saw 5 of its levels.

You collected 296 gold pieces.

Inventory:

Hand Weapons
 a - a +0 flail (weapon)
Armour
 b - a +0 scale mail (worn)
 c - a +0 buckler (worn)
 g - a +0 pair of gloves of stealth (worn)
 v - a +0 cloak (worn)
Jewellery
 l - a +6 ring of dexterity (left hand)
 s - a ring of ice
 C - an amulet of magic regeneration
Scrolls
 j - 3 scrolls of noise {unknown}
 k - 4 scrolls of amnesia {unknown}
 m - 3 scrolls of identify {unknown}
 n - 2 scrolls of immolation {unknown}
 o - a scroll of fog {unknown}
 q - 2 scrolls of magic mapping {unknown}
 u - 3 scrolls of poison {unknown}
 x - 2 scrolls of teleportation {unknown}
 y - a scroll of blinking {unknown}
 A - a scroll of silence {unknown}
 B - a scroll of acquirement {unknown}
Potions
 d - a potion of might
 e - a potion of ambrosia {unknown}
 f - 3 potions of degeneration {unknown}
 h - 2 potions of flight {unknown}
 i - a potion of attraction {unknown}
 p - a potion of magic {unknown}
 r - a potion of curing {unknown}
 t - 2 potions of lignification {unknown}
 w - a potion of haste {unknown}
 z - a potion of resistance {unknown}


   Skills:
 - Level 2.6 Fighting
 + Level 5.9 Maces & Flails
 - Level 3.6 Armour
 - Level 3.2 Shields


You had 5 spell levels left.
You didn't know any spells.
Your spell library contained the following spells:

 Spells                   Type           Power      Damage    Failure   Level
 Ignite Poison            Fire/Tmut/Pois 0%         N/A       99%         3
 Kindle Blastsparks       Fire/Tloc/Air  0%         2d10      99%         3
 Freezing Cloud           Conj/Ice/Air   0%         6-21      100%        5


Dungeon Overview and Level Annotations

Branches:
Dungeon (5/15)
 Temple: D:4-7

Altars:
Dithmenos
Kikubaaqudgha
Makhleb
Ru
Trog
Xom
Zin


Innate Abilities, Weirdness & Mutations

You are completely covered in rugged brown scales. (AC +3, +7% HP)
Armour fits poorly on your strangely shaped body.
You have a long armoured tail.
You roll when moving toward enemies. (Rampage)
Your long tongue fully drains potion bottles. (2x potion effects)
Your tongue gives you trouble enunciating. (1.5x scroll delay)


Message History

The acid dragon spits acid at you. The splash of acid hits you!!
Ouch! That really hurt!
* * * LOW HITPOINT WARNING * * *
You barely miss the acid dragon.
The acid dragon is severely wounded.
The acid dragon barely misses you.
The acid dragon claws you but does no damage.
You hit the acid dragon but do no damage.
You tail-slap the acid dragon, but do no damage.
The acid dragon is severely wounded.
The acid dragon bites you but does no damage.
The acid dragon claws you but does no damage.
An orc comes into view. It is wielding a +0 short sword.
You hit the acid dragon.
The acid dragon is almost dead.
The acid dragon closely misses you. The acid dragon claws you.
* * * LOW HITPOINT WARNING * * *
You hit the acid dragon but do no damage.
Your tail-slap misses the acid dragon.
The acid dragon is almost dead.
The acid dragon bites you.
* * * LOW HITPOINT WARNING * * *
The acid dragon claws you but does no damage.
An orc comes into view. It is wielding a +0 short sword.
The acid dragon spits acid at you. The splash of acid misses you.
The orc shouts!
You hit the acid dragon but do no damage.
The acid dragon is almost dead.
The acid dragon bites you.
* * * LOW HITPOINT WARNING * * *
The acid dragon barely misses you.
An orc comes into view. It is wielding a +0 hand axe.
You barely miss the acid dragon.
The acid dragon is almost dead.
The acid dragon spits acid at you. The splash of acid hits you!!!
Ouch! That really hurt!
You die...

#$#
###.##########
............#
#..#........#
..#........ #
#.#.......
#.###.#...#
#..<....@.#
#####.##"D#
#.##.#...
#....o.o...
#.##.#...##
#.##...o...
#.##.# ..##.
.....# .##


You could see an acid dragon (catching breath) and 3 orcs.

Vanquished Creatures
  A centaur (D:4)
  A howler monkey (D:4)
  A hound (D:4)
  5 adders
  An ufetubus (D:4)
  2 worms
  2 dart slugs
  5 orcs
  9 ball pythons
  7 endoplasms
  A giant cockroach (D:4)
  5 goblins
  9 hobgoblins
  13 kobolds
  4 quokkas
  10 bats
  A frilled lizard (D:2)
  5 rats
82 creatures vanquished.

Vanquished Creatures (others)
  A plant (D:3)
1 creature vanquished.

Grand Total: 83 creatures vanquished

Notes
Turn   | Place    | Note
-------+----------+-------------------------------------------
     0 | D:1      | Persephone the Armataur Fighter began the quest for the
                  | Orb.
     0 | D:1      | Reached XP level 1. HP: 19/19 MP: 1/1
    38 | D:1      | Reached skill level 2 in Maces & Flails
   254 | D:1      | Reached XP level 2. HP: 26/26 MP: 2/2
   606 | D:1      | Reached skill level 3 in Maces & Flails
   944 | D:2      | Reached XP level 3. HP: 28/32 MP: 3/3
  1198 | D:2      | Found a burning altar of Makhleb.
  1212 | D:2      | Reached XP level 4. HP: 39/39 MP: 4/4
  1228 | D:2      | Reached skill level 4 in Maces & Flails
  1963 | D:3      | Found a glowing silver altar of Zin.
  2231 | D:4      | Noticed a centaur
  2239 | D:4      | Killed a centaur
  2240 | D:4      | Reached skill level 5 in Maces & Flails
  2240 | D:4      | Reached XP level 5. HP: 25/44 MP: 5/5
  2332 | D:4      | Found a bloodstained altar of Trog.
  2427 | D:4      | Found a shadowy altar of Dithmenos.
  2548 | D:4      | Found an ancient bone altar of Kikubaaqudgha.
  2548 | D:4      | Found a sacrificial altar of Ru.
  2584 | D:4      | Found a large runed translucent door.
  2584 | D:4      | Found a large runed translucent door.
  2614 | D:4      | Reached XP level 6. HP: 53/53 MP: 6/6
  2743 | D:4      | Found a shimmering altar of Xom.
  3001 | D:5      | Entered Level 5 of the Dungeon
  3003 | D:5      | Noticed an acid dragon
  3015 | D:5      | HP: 2/53 [acid dragon (1)]
  3016 | D:5      | Killed from afar by an acid dragon

Illustrated notes

Levels and vault maps discovered:
D:1:      minmay_arrival_semitransparent, layout_basic
D:2:      layout_basic, basic_altar, chequers_serial_rivers_marsh,
          hangedman_decor_clover_reticule
D:3:      layout_rooms, mainiacjoe_overflow_surrounded_room,
          minmay_splitting_lines, serial_bayou_lagoon_b
D:4:      due_chaos_kobolds, layout_cave_pools, amcnicky_altar_gilded,
          nicolae_overflow_hidden_temple, bloody_trog,
          chequers_temple_overflow_statue_of_worship, st_stairs_2, minivault_1
D:5:      layout_loops_cross

Skill      XL: |  1  2  3  4 |
---------------+-------------+-----
Maces & Flails | 2 3 5 |  5.9
Fighting       | |  2.6
Armour         | |  3.6
Shields        | |  3.2

Action                   |  1- 3 |  4- 6 || total
-------------------------+-------+-------++-------
Melee: Flail             |    94 |   134 ||   228
       Tailslap          |    11 |    20 ||    31
Armor: Scale mail        |    50 |    70 ||   120
Dodge: Dodged            |    35 |    42 ||    77
Block: Buckler           |    23 |    35 ||    58

Table legend: (Time is in decaauts)
 A = Elapsed time spent in this place.
 B = Non-inter-level travel time spent in this place.
 C = Inter-level travel time spent in this place.
 D = Time resting spent in this place.
 E = Time spent auto-exploring this place.
 F = Levels seen in this place.
 G = Mean time per level.
                   A        B        C        D        E       F      G
               +--------+--------+--------+--------+--------+-----+--------+
         Total |   3065 |   2989 |     76 |      0 |   2431 |   5 |  613.0 |
       Dungeon |   3065 |   2989 |     76 |      0 |   2431 |   5 |  613.0 |
               +--------+--------+--------+--------+--------+-----+--------+

Top non-repeatable levels by time:
     D:1: 934 daAuts
     D:4: 780 daAuts
     D:3: 739 daAuts
     D:2: 595 daAuts
     D:5: 16 daAuts
